[Event "Late-Titled-Tuesday-Blitz-December-26-2023"]
[Site "Chess.com"]
[Date "2023.12.26"]
[Round "4"]
[White "frequentblunders"]
[Black "KorolDimitriy75"]
[Result "1/2-1/2"]
[WhiteElo "2131"]
[BlackElo "2353"]
[TimeControl "180+1"]
[EndTime "14:39:01 PST"]
[Termination "Game drawn by repetition"]

1. Nf3 c5 2. g3 g6 3. Bg2 Bg7 4. d3 Nc6 5. O-O e5 6. Nc3 Nge7 7. e4 d6 8. h3 O-O 9. Be3 h6 10. Qd2 Kh7 11. Nd5 f5 12. Qe2 Be6 13. c4 Qd7 14. Kh2 Rae8 15. Nh4 g5 16. Nxf5 Nxf5 17. exf5 Bxf5 18.
Be4 Ne7 19. g4 Bg6 20. Rae1 Nxd5 21. Bxd5 Re7 22. Be4 Ref7 23. Bxg6+ Kxg6 24. Bd2 Kh7 25. Qe4+ Kg8 26. f3 Rf6 27. Kg3 Qf7 28. Bc3 b6 29. a4 Qd7 30. b3 R8f7 31. Qd5 Kh7 32. Re3 Rf4 33. h4 gxh4+ 34. Kxh4 Rxg4+ 35. fxg4 Rxf1 36. Qe4+ Kh8 37. Rf3 Rh1+ 38. Kg3 Qe7 39. Qa8+ Kh7 40. Qe4+ Kh8 41. Qa8+ Kh7 42. Qe4+ Kh8 1/2-1/2

[Event "Late-Titled-Tuesday-Blitz-December-26-2023"]
[Site "Chess.com"]
[Date "2023.12.26"]
[Round "4"]
[White "alvarorodriguezavila"]
[Black "powermove"]
[Result "1-0"]
[WhiteElo "2283"]
[BlackElo "2023"]
[TimeControl "180+1"]
[EndTime "14:39:04 PST"]
[Termination "alvarorodriguezavila won on time"]

1. b3 Nf6 2. Bb2 g6 3. Bxf6 exf6 4. c4 Bg7 5. Nc3 O-O 6. Rc1 b6 7. Nf3 Bb7 8. e3 d6 9. Be2 Nd7 10. O-O Ne5 11. d4 Nd7 12. Nd2 f5 13. Bf3 Bxf3 14. Qxf3 Nf6 15. Rfd1 c6 16. Qxc6 Re8 17. Qf3 Qd7 18. h3 Rad8 19. e4 fxe4 20. Ndxe4 Nxe4 21. Nxe4 d5 22. Nf6+ Bxf6 23. Qxf6 Re6 24. Qf3 dxc4 25. d5 Re5 26. bxc4 Qd6 27. Re1 Rde8 28. Rxe5 Rxe5 29. Qg3 Qe7 30. Kh2 Re2 31. Rd1 Rxa2 32. d6 Qd7 33. Qe5 Rxf2 34. Qe7 Qc6 35. Qg5 Qd7 36. Qe5 Qc6 37.
Qg3 Re2 38. d7 1-0

[Event "Late-Titled-Tuesday-Blitz-December-26-2023"]
[Site "Chess.com"]
[Date "2023.12.26"]
[Round "4"]
[White "frederiksvane"]
[Black "baag"]
[Result "0-1"]
[WhiteElo "2965"]
[BlackElo "2850"]
[TimeControl "180+1"]
[EndTime "14:39:05 PST"]
[Termination "baag won on time"]

1. e4 c6 2. Nf3 d5 3. exd5 cxd5 4. d4 Nf6 5. c3 Nc6 6. Ne5 a6 7. Bd3 g6 8. O-O Bg7 9. Re1 O-O 10. Bf4 Bf5 11.
Bf1 Ne4 12. Nd2 Nxe5 13. Bxe5 Bxe5 14. dxe5 Qb6 15. Nxe4 Bxe4 16. Qd2 Rfd8 17. Rad1 Bf5 18. Re3 Rac8 19. Re2 Bg4 20. h3 Bxe2 21. Bxe2 e6 22.
h4 Qc7 23. Qf4 Qe7 24. Rd4 b5 25. g3 Rb8 26. a3 a5 27. Qe3 b4 28. cxb4 axb4 29. a4 Qc5 30. h5 b3 31. h6 Rb4 32.
Qg5 Rxd4 33. Qxd8+ Qf8 34. Qa5 Qxh6 35. Qd8+ Qf8 36.
Qa5 Qb8 37. Qc3 Rxa4 38. Kg2 Re4 39. Bf3 Rxe5 0-1

[Event "Late-Titled-Tuesday-Blitz-December-26-2023"]
[Site "Chess.com"]
[Date "2023.12.26"]
[Round "4"]
[White "johnmez"]
[Black "PawnEatingZombie"]
[Result "1-0"]
[WhiteElo "2306"]
[BlackElo "2098"]
[TimeControl "180+1"]
[EndTime "14:39:05 PST"]
[Termination "johnmez won on time"]

1. b3 Nf6 2. Bb2 g6 3. Nf3 Bg7 4.
e3 O-O 5. Be2 d6 6. O-O e5 7. c4 Nc6 8. Nc3 a5 9. d4 exd4 10. Nxd4 Ne5 11. Qd2 Re8 12. Rad1 Nc6 13. Nxc6 bxc6 14. Bf3 Bd7 15. Ne2 Rb8 16. Qxa5 Ra8 17.
Qd2 Rxa2 18. Qc1 Qb8 19. Nc3 Ra7 20. Qc2 c5 21. Ra1 h5 22. h3 Be6 23. Rxa7 Qxa7 24. Ra1 Qb6 25. Nb5 Nd7 26. Bxg7 Kxg7 27. Qc3+ Ne5 28.
Be2 Kg8 29. Qa5 d5 30. Nxc7 Qxb3 31. Nxe8 Qb2 32. Bf1 dxc4 33. Qa3 Qd2 34. Qc1 Qd8 35. Qb2 Nd3 36. Nf6+ Kf8 37. Qc3 1-0

[Event "Late-Titled-Tuesday-Blitz-December-26-2023"]
[Site "Chess.com"]
[Date "2023.12.26"]
[Round "4"]
[White "Ajedrez_con_German"]
[Black "Abduzhaparov"]
[Result "1-0"]
[WhiteElo "2595"]
[BlackElo "2392"]
[TimeControl "180+1"]
[EndTime "14:39:06 PST"]
[Termination "Ajedrez_con_German won by resignation"]

1. d4 d6 2. Nf3 Nf6 3. Bf4 Nbd7 4. e3 c6 5. h3 Qa5+ 6. c3 e5 7. Bh2 e4 8. Nfd2 d5 9. Be2 h5 10. b4 Qd8 11. Qb3 g5 12. c4 Nb6 13. Nc3 Be6 14.
c5 Nbd7 15. b5 Bg7 16. Bd6 Bf8 17. Bg3 Bg7 18. Qa4 Rc8 19. bxc6 bxc6 20. Rb1 O-O 21. Rb7 Ne8 22. Nb3 f5 23. Na5 Nxc5 24. Rxg7+ Nxg7 25. dxc5 f4 26. Bh2 fxe3 27. fxe3 Nf5 28. Nxc6 Qf6 29.
Kd2 Nxe3 30. Qd4 Rxc6 31. Qxf6 Nc4+ 32. Bxc4 Rxf6 33. Bxd5 Bxd5 34. Nxd5 Rf2+ 35. Ke3 Rxg2 36. Ne7+ Kf7 37. Nxc6 Ke6 38. Kxe4 Rxa2 39. Nd4+ Kd7 40. c6+ Kc8 41. Be5 a5 42. Rb1 1-0

[Event "Late-Titled-Tuesday-Blitz-December-26-2023"]
[Site "Chess.com"]
[Date "2023.12.26"]
[Round "4"]
[White "lucasmito"]
[Black "kikoveiga"]
[Result "1-0"]
[WhiteElo "2738"]
[BlackElo "2527"]
[TimeControl "180+1"]
[EndTime "14:39:08 PST"]
[Termination "lucasmito won by resignation"]

1. Nf3 g6 2. d4 Bg7 3. Bf4 d6 4.
e4 Nf6 5. Nc3 a6 6. a4 Nc6 7. h3 O-O 8. Qd2 d5 9. e5 Ne4 10. Qe3 Bf5 11. Bd3 f6 12. Nxe4 dxe4 13. Bxe4 fxe5 14. dxe5 Nb4 15. Qb3+ Kh8 16. Qxb4 c5 17.
Qc4 b5 18. axb5 axb5 19. Rxa8 Qxa8 20. Bxa8 bxc4 21. Bd5 Bxc2 22. Bg5 Bd3 23. Bxe7 Rb8 24. Kd2 Rxb2+ 25. Ke3 Re2+ 26. Kf4 h6 27. h4 c3 28.
Bxc5 c2 29. Be3 Bf8 30. e6 Bd6+ 31. Ne5 Bf5 32. g4 Bxe6 33. Bxe6 Kg7 34. g5 h5 35. Bc4 Rxe3 36. fxe3 Ba3 37. Nd3 1-0

[Event "Late-Titled-Tuesday-Blitz-December-26-2023"]
[Site "Chess.com"]
[Date "2023.12.26"]
[Round "4"]
[White "BlackGod93"]
[Black "AsaHoffmann"]
[Result "1-0"]
[WhiteElo "2588"]
[BlackElo "2370"]
[TimeControl "180+1"]
[EndTime "14:39:08 PST"]
[Termination "BlackGod93 won by resignation"]

1. e4 d6 2. d4 Nf6 3. Nc3 c6 4. f4 Qa5 5. Nf3 Nxe4 6. Bd2 Nxd2 7. Qxd2 Bf5 8. Be2 e6 9. O-O Be7 10. Rae1 Nd7 11. h3 h6 12. Bc4 b5 13. Bb3 Qb6 14. g4 Bh7 15. f5 e5 16. Kh1 f6 17. dxe5 dxe5 18. Ne4 O-O-O 19. Be6 Bg8 20. Nh4 Bxe6 21. fxe6 Nc5 22. Qc3 Rhe8 23. Nf5 Nxe4 24. Rxe4 Bf8 25. e7 Bxe7 26. Nxg7 Rg8 27. Nf5 Bc5 28. a4 Bd4 29. Nxd4 exd4 30. Qf3 Rgf8 31. Re7 Kb8 32. Rfe1 Qc5 33.
R1e6 Rc8 34. Rd7 f5 35. Qf4+ Ka8 36. Ree7 fxg4 37. Qe5 Rf1+ 38. Kg2 Qxc2+ 39. Kxf1 Rf8+ 40. Rf7 Qd3+ 41. Kg1 Qd1+ 42. Kh2 Qd2+ 43. Kg3 Qd3+ 44. Kxg4 Rg8+ 45. Rg7 h5+ 46. Kh4 1-0

[Event "Late-Titled-Tuesday-Blitz-December-26-2023"]
[Site "Chess.com"]
[Date "2023.12.26"]
[Round "4"]
[White "AkatsukiLogHorizon"]
[Black "monalize"]
[Result "0-1"]
[WhiteElo "2214"]
[BlackElo "2472"]
[TimeControl "180+1"]
[EndTime "14:39:09 PST"]
[Termination "monalize won by resignation"]

1. e4 c5 2. Nf3 d6 3. d4 cxd4 4. Nxd4 Nf6 5. Nc3 a6 6. Be3 Ng4 7. Bg5 h6 8. Bh4 g5 9. Bg3 Bg7 10. Be2 Ne5 11. Qd2 Nbc6 12. Nxc6 bxc6 13. h4 Qa5 14. hxg5 hxg5 15. Rxh8+ Bxh8 16. Nd1 Qxd2+ 17. Kxd2 Rb8 18. c3 Be6 19. b3 a5 20. Ne3 Kd7 21.
Rb1 Bf6 22. c4 Ng6 23. Bg4 Bd4 24. Bxe6+ Kxe6 25. Kd3 Bc5 26. Rh1 a4 27. Kc2 axb3+ 28. axb3 Bxe3 29. fxe3 c5 30. Ra1 Rb7 31. Kc3 Ne5 32.
Bxe5 Kxe5 33. Rf1 f6 34. Rf3 Kxe4 35. Rg3 Ra7 36. Rh3 g4 37. Rg3 f5 38. Kb2 e6 39.
Kb1 Rh7 40. Kb2 Rh1 41. Kc2 Re1 42. Kd2 Ra1 43. Kc3 Ra2 44. b4 Ra3+ 45. Kb2 cxb4 0-1

[Event "Late-Titled-Tuesday-Blitz-December-26-2023"]
[Site "Chess.com"]
[Date "2023.12.26"]
[Round "4"]
[White "SmirnovTimofey2000"]
[Black "staz_staz"]
[Result "0-1"]
[WhiteElo "2007"]
[BlackElo "2256"]
[TimeControl "180+1"]
[EndTime "14:39:10 PST"]
[Termination "staz_staz won on time"]

1. d4 d5 2. Bf4 Nf6 3. e3 c5 4. c3 Nc6 5. Nd2 Bf5 6. Qb3 Qc8 7. Ngf3 e6 8. h3 h6 9. Ne5 Be7 10. Bb5 O-O 11. Ndf3 a6 12. Bxc6 bxc6 13. Qd1 Qb7 14. b3 Rfc8 15. O-O cxd4 16. cxd4 c5 17. dxc5 Rxc5 18. Rc1 Rac8 19. Qd2 Ne4 20. Qb2 Bf6 21. Nd4 Bh7 22. Rxc5 Rxc5 23. Rc1 Qc8 24. Rxc5 Qxc5 25. Nd7 Bxd4 26. Qxd4 Qc1+ 27. Kh2 Nxf2 28. e4 Qxf4+ 29.
g3 Qf3 0-1

[Event "Late-Titled-Tuesday-Blitz-December-26-2023"]
[Site "Chess.com"]
[Date "2023.12.26"]
[Round "4"]
[White "Felix-Rose"]
[Black "morte-negra"]
[Result "0-1"]
[WhiteElo "2227"]
[BlackElo "2008"]
[TimeControl "180+1"]
[EndTime "14:39:11 PST"]
[Termination "morte-negra won on time"]

1. Nf3 Nf6 2. e3 c5 3. c4 d5 4.
b3 Nc6 5. Bb2 Qc7 6. Be2 e5 7.
cxd5 Nxd5 8. d3 Bd6 9. a3 O-O 10. Nbd2 f5 11. Qc2 b5 12. d4 exd4 13. exd4 Re8 14.
Ne5 Nxe5 15. dxe5 Bxe5 16. Bxb5 Bxb2+ 17. Bxe8 Qe5+ 18. Kf1 Ba6+ 19. Nc4 Bxa1 20. Bc6 Bc3 21. g3 Rd8 22. Kg2 Bxc4 23. bxc4 Ne7 24. Bf3 Rd2 25. Qb1 Bd4 26. Rf1 Qe3 27. Qb8+ Kf7 28. Bd5+ Nxd5 29. cxd5 Rxf2+ 30. Rxf2 Qxf2+ 31. Kh3 Qf1+ 32. Kh4 Bf6+ 0-1

[Event "Late-Titled-Tuesday-Blitz-December-26-2023"]
[Site "Chess.com"]
[Date "2023.12.26"]
[Round "4"]
[White "Misticpikachu"]
[Black "sheldons73tshirt"]
[Result "0-1"]
[WhiteElo "2468"]
[BlackElo "2643"]
[TimeControl "180+1"]
[EndTime "14:39:15 PST"]
[Termination "sheldons73tshirt won by checkmate"]

1. c4 c6 2. Nf3 d5 3. e3 Nf6 4.
Nc3 g6 5. d4 Bg7 6. Be2 O-O 7.
O-O dxc4 8. Bxc4 Bg4 9. h3 Bxf3 10. Qxf3 Nbd7 11. b3 e5 12. dxe5 Nxe5 13. Qe2 Nxc4 14. Qxc4 b5 15. Qxc6 Rc8 16. Qxb5 Rxc3 17. Bb2 Rc2 18.
Bd4 Qc7 19. Qa6 Ne4 20. Rad1 Bxd4 21. Rxd4 Nc3 22. Rc4 Ne2+ 23. Kh1 Rxc4 24. bxc4 Qc5 25. Rb1 Qf5 26. Rd1 Qxf2 27. Qxa7 Ng3+ 28. Kh2 Nf1+ 29. Kh1 Nxe3 30. Rg1 Qg3 31. Qa3 Rd8 32. Qc3 Rd1 33. Qxe3 Qxe3 34. Rxd1 Qe2 35. Rd8+ Kg7 36. c5 Qe1+ 37.
Kh2 Qe5+ 38. Kh1 Qxc5 39. Rd1 Qc2 40. Rf1 Qxa2 41. Kg1 h5 42. Rf2 Qa7 43. Kf1 Qa1+ 44. Ke2 Qg1 45. Kf3 g5 46. Ke2 Kg6 47. Kf3 f5 48. Kg3 f4+ 49. Kf3 Qd1+ 50. Re2 g4+ 51. hxg4 hxg4+ 52. Kf2 g3+ 53. Kf3 Qf1+ 54. Kg4 Qxe2+ 55. Kh4 Qh5# 0-1

[Event "Late-Titled-Tuesday-Blitz-December-26-2023"]
[Site "Chess.com"]
[Date "2023.12.26"]
[Round "4"]
[White "Anar_Aliakbarov"]
[Black "Rafael_Ventura"]
[Result "0-1"]
[WhiteElo "2498"]
[BlackElo "2374"]
[TimeControl "180+1"]
[EndTime "14:39:16 PST"]
[Termination "Rafael_Ventura won by checkmate"]

1. e4 c5 2. Nf3 d6 3. d4 cxd4 4. Nxd4 Nf6 5. Nc3 a6 6. h3 e5 7. Nde2 h5 8. g3 Be6 9. Bg2 Nbd7 10. Nd5 Nxd5 11. exd5 Bf5 12. Be3 Be7 13. f4 Rc8 14. c3 Nf6 15. O-O Qd7 16. fxe5 dxe5 17. d6 Bd8 18.
Kh2 Be6 19. b3 O-O 20. c4 h4 21. c5 hxg3+ 22. Nxg3 Nh7 23. Bd5 Bh4 24. Bxe6 Bxg3+ 25. Kxg3 Qxe6 26. Kh2 f5 27. Rg1 f4 28. Bf2 Rf5 29. Qg4 Qd7 30. Rad1 Nf6 31. Qg6 Rh5 32. h4 Rf8 33.
Rg2 e4 34. Bd4 Rxh4+ 35. Kg1 f3 36. Bxf6 fxg2 37. Bxh4 Qh3 38. Qxg2 Qxh4 39. d7 Rd8 40. b4 Qe7 41. Qg4 e3 42. Kf1 Rf8+ 43. Ke1 Qf6 44.
Qc4+ Kh8 45. Rd4 Qf2+ 46. Kd1 e2+ 47. Kc2 e1=Q+ 48. Kb3 Qb1+ 49. Ka4 Qxd4 50. Qxd4 Qxa2# 0-1

[Event "Late-Titled-Tuesday-Blitz-December-26-2023"]
[Site "Chess.com"]
[Date "2023.12.26"]
[Round "4"]
[White "BogdanDeac"]
[Black "lefonghua"]
[Result "1-0"]
[WhiteElo "3019"]
[BlackElo "2688"]
[TimeControl "180+1"]
[EndTime "14:39:17 PST"]
[Termination "BogdanDeac won by resignation"]

1. b3 Nf6 2. Bb2 g6 3. Nf3 Bg7 4. g3 O-O 5. Bg2 c5 6. c4 Nc6 7.
O-O d6 8. d4 Ne4 9. e3 Bg4 10.
h3 Bxf3 11. Bxf3 Ng5 12. Bxc6 bxc6 13. h4 Ne6 14. Na3 cxd4 15. exd4 c5 16. Nc2 Nxd4 17.
Nxd4 cxd4 18. Bxd4 Bxd4 19. Qxd4 Qb6 20. Qe4 Rfe8 21.
h5 Qc5 22. h6 Qg5 23. Qh1 Rad8 24. Rad1 e6 25. Rfe1 Re7 26. Rxd6 Rc8 27. Red1 Rec7 28.
Kg2 a5 29. Qh4 Qxh4 30. gxh4 Kf8 31. Ra6 Rc5 32. Rd7 Rf5 33. Rda7 Rh5 34. Kg3 Rcc5 35.
Ra8+ Ke7 36. R6a7+ Kd6 37. Rd8+ Ke5 38. Rxf7 Rxh6 39.
Rf3 a4 40. Re3+ Kf6 41. Rd6 Re5 42. Rxe5 Kxe5 43. Rb6 axb3 44. axb3 Kd4 45. Rxe6 Kc3 46. Rb6 Rh5 47. Rb5 Rh6 48. c5 Rh5 49. b4 Kc4 50.
Rb6 Rd5 51. c6 Rd8 52. c7 Rc8 53. Rb7 Kd5 54. b5 Kd6 55. b6 Kc6 56. Rb8 Kd7 57. Rxc8 Kxc8 58. Kf4 1-0

[Event "Late-Titled-Tuesday-Blitz-December-26-2023"]
[Site "Chess.com"]
[Date "2023.12.26"]
[Round "4"]
[White "Statham_l3"]
[Black "CFalcons8"]
[Result "1-0"]
[WhiteElo "2578"]
[BlackElo "2250"]
[TimeControl "180+1"]
[EndTime "14:39:18 PST"]
[Termination "Statham_l3 won by resignation"]

1. e4 c5 2. Nf3 d6 3. d4 cxd4 4. Nxd4 Nf6 5. Nc3 a6 6. h3 e5 7. Nde2 h5 8. Ng1 Nc6 9. Nf3 Be7 10. Ng5 Nd4 11. Bc4 Ne6 12. O-O Nxg5 13. Bxg5 b5 14.
Bb3 Bb7 15. Bxf6 Bxf6 16. Nd5 Rh6 17. a4 Bc6 18. axb5 axb5 19. Qd3 Be7 20. Rxa8 Bxa8 21. Qxb5+ Kf8 22. Ra1 Rg6 23. Nxe7 Kxe7 24. Ra7+ Kf6 25. Rxf7+ Kg5 26. Qe2 Kh6 27. Rf5 Rg5 28. Qe3 g6 29. h4 gxf5 30. exf5 Qf6 31. Be6 d5 32. hxg5+ Qxg5 33.
Qxe5 Qc1+ 34. Kh2 Kg5 35. Qg7+ 1-0

[Event "Late-Titled-Tuesday-Blitz-December-26-2023"]
[Site "Chess.com"]
[Date "2023.12.26"]
[Round "4"]
[White "IMRosen"]
[Black "GiorgianBarbosa"]
[Result "1-0"]
[WhiteElo "2697"]
[BlackElo "2510"]
[TimeControl "180+1"]
[EndTime "14:39:20 PST"]
[Termination "IMRosen won by resignation"]

1. e4 c5 2. Nc3 g6 3. h4 Bg7 4. h5 Nc6 5. Bc4 e6 6. Nf3 Nge7 7. d4 Nxd4 8. Nxd4 cxd4 9. Nb5 d5 10. exd5 exd5 11. Be2 Nc6 12. Bf4 O-O 13. Nc7 Rb8 14. Nb5 Ra8 15. Bd6 Re8 16. Nc7 Qxd6 17. Nxe8 Qb4+ 18.
Kf1 Be5 19. f4 Bh8 20. Nc7 Qd6 21. Nxa8 Qxf4+ 22. Bf3 Be6 23. hxg6 hxg6 24. Qc1 Qb8 25. Qh6 Bg7 26. Qh7+ Kf8 27. Qh8+ Bxh8 28. Rxh8+ Ke7 29.
Rxb8 Nxb8 30. Nc7 Kd6 31. Nxe6 fxe6 32. Kf2 e5 33. Rh1 e4 34. Be2 Nc6 35. Rh6 Nb4 36.
Rxg6+ Kc5 37. Bd1 d3 38. c3 Nxa2 39. Rg7 b6 40. Rc7+ Kd6 41. Rxa7 Nc1 42. g4 Ke5 43. Ke3 Kf6 44. Ra1 Ne2 45. Bxe2 dxe2 46. Kxe2 Kg5 47.
Rd1 Kxg4 48. Rxd5 1-0

[Event "Late-Titled-Tuesday-Blitz-December-26-2023"]
[Site "Chess.com"]
[Date "2023.12.26"]
[Round "4"]
[White "Mikayel99"]
[Black "Grindaveci"]
[Result "0-1"]
[WhiteElo "2574"]
[BlackElo "2386"]
[TimeControl "180+1"]
[EndTime "14:39:20 PST"]
[Termination "Grindaveci won by resignation"]

1. d4 d5 2. c4 e6 3. Nc3 c6 4. cxd5 exd5 5. Bf4 Nf6 6. e3 Bf5 7. Nge2 h6 8. Ng3 Bh7 9. Bd3 Bxd3 10. Qxd3 Nbd7 11.
Nge2 Be7 12. h3 Nf8 13. O-O Ne6 14. Bh2 Bd6 15. Bxd6 Qxd6 16. Rfb1 a5 17. Qc2 O-O 18. a3 Nd7 19. f3 Nb6 20. Re1 Nc4 21. Nc1 b5 22. Nd3 a4 23. Nb4 Rac8 24. Rad1 Qg3 25. Kh1 Rfe8 26. Nd3 Re7 27. Ne2 Qxg2+ 28. Kxg2 Nxe3+ 29. Kf2 Nxc2 30. Rg1 Nexd4 31. Nxd4 Nxd4 32. Nf4 Nf5 33. Rc1 d4 34. Nd5 Re6 35. Nf4 Ree8 36. Rc5 Ne3 37.
Rgc1 g5 38. Nd3 Nd5 39. Rxc6 Rxc6 40. Rxc6 Re3 41. Nc5 Nf4 42. Rd6 Re2+ 43. Kf1 d3 44. Ne4 Rxb2 45. Nf6+ Kg7 46. Nh5+ Nxh5 0-1

[Event "Late-Titled-Tuesday-Blitz-December-26-2023"]
[Site "Chess.com"]
[Date "2023.12.26"]
[Round "4"]
[White "egnfanclub"]
[Black "Romadk"]
[Result "1-0"]
[WhiteElo "2346"]
[BlackElo "2484"]
[TimeControl "180+1"]
[EndTime "14:39:20 PST"]
[Termination "egnfanclub won by resignation"]

1. e4 Nf6 2. Nc3 d5 3. e5 Nfd7 4. e6 fxe6 5. d4 c5 6. Nf3 Nc6 7. Be3 g6 8. Bb5 Bg7 9. h4 Qb6 10. Bxc6 bxc6 11. Rb1 Qa5 12. h5 cxd4 13. Bxd4 e5 14. b4 Qc7 15. Bc5 Nxc5 16. bxc5 Qa5 17. Qd2 Qxc5 18. hxg6 hxg6 19. Rxh8+ Bxh8 20. Rb3 Bf5 21. Nh4 e4 22. Nxf5 gxf5 23. Ne2 Bf6 24. Nf4 Bg5 25.
g3 e5 26. Qe2 exf4 27. Qh5+ Kd7 28. Qxg5 Qxc2 29. Qxf5+ Kd6 30. Qf6+ Kc7 31. Qe7+ Kc8 32. Qb7+ Kd8 33. Qxa8+ Ke7 34. Qxa7+ Ke6 35. Qd4 Qc1+ 36.
Qd1 Qc5 37. Qg4+ Ke5 38. Qxf4+ Kd4 39. Qe3+ Ke5 40. Qxc5 e3 41. Qxe3+ Kd6 42. Rc3 d4 43. Qxd4+ Kc7 44. Qc5 1-0

[Event "Late-Titled-Tuesday-Blitz-December-26-2023"]
[Site "Chess.com"]
[Date "2023.12.26"]
[Round "4"]
[White "axlbvRR"]
[Black "BestestBP"]
[Result "0-1"]
[WhiteElo "1944"]
[BlackElo "2195"]
[TimeControl "180+1"]
[EndTime "14:39:22 PST"]
[Termination "BestestBP won on time"]

1. e4 e5 2. Nf3 Nc6 3. Bc4 Nf6 4. d3 h6 5. Nbd2 d6 6. O-O g5 7. c3 g4 8. Ne1 h5 9. d4 exd4 10. Qb3 Qe7 11. Nc2 dxc3 12. bxc3 Bh6 13. Re1 Ne5 14. Ne3 O-O 15. Rb1 c6 16. Bf1 b5 17. Qc2 Kh8 18. a4 a6 19. c4 bxa4 20. Qxa4 Rg8 21. Nf5 Bxf5 22. exf5 Qd7 23. Qc2 a5 24. c5 Qa7 25.
cxd6 Nf3+ 26. Nxf3 gxf3 27. Bxh6 fxg2 28. Bc4 Ng4 29.
Be3 Qd7 30. Qd2 f6 31. Bxg8 Rxg8 32. Qd4 Qg7 0-1

[Event "Late-Titled-Tuesday-Blitz-December-26-2023"]
[Site "Chess.com"]
[Date "2023.12.26"]
[Round "4"]
[White "GP9isback23"]
[Black "Marcin"]
[Result "1-0"]
[WhiteElo "2633"]
[BlackElo "2461"]
[TimeControl "180+1"]
[EndTime "14:39:27 PST"]
[Termination "GP9isback23 won by resignation"]

1. d4 d5 2. Nf3 Nf6 3. c4 e6 4. Nc3 c5 5. cxd5 Nxd5 6. e3 Nc6 7. Be2 cxd4 8. exd4 Be7 9. O-O O-O 10. Be3 Nxe3 11.
fxe3 b6 12. Qd2 Bb7 13. Rfd1 Rc8 14. Rac1 Na5 15. Bd3 g6 16. Qe2 Bf6 17. Rc2 Ba8 18.
Rdc1 Qe7 19. Ba6 Rcd8 20. Nb5 e5 21. Rc7 Rd7 22. dxe5 Bg7 23. Rxd7 Qxd7 24. Nbd4 Qe7 25. Qb5 Bh6 26. Rc3 Be4 27. b4 Nb7 28. Nc6 Bxc6 29.
Qxc6 Nd8 30. Qd6 Qe6 31. Bc4 Qg4 32. Qd4 Qf5 33. Bd3 Qe6 34. Be4 Qxa2 35. h3 Qa1+ 36. Kh2 a5 37. bxa5 bxa5 38. Qd3 Ne6 39. Ra3 Qb2 40. Rxa5 Qb6 41. Ra3 Nc5 42. Qc4 Rc8 43.
Bd5 Ne6 44. Qxc8+ 1-0

[Event "Late-Titled-Tuesday-Blitz-December-26-2023"]
[Site "Chess.com"]
[Date "2023.12.26"]
[Round "4"]
[White "MelihKaanCan"]
[Black "Mystery2007"]
[Result "0-1"]
[WhiteElo "2378"]
[BlackElo "2591"]
[TimeControl "180+1"]
[EndTime "14:39:27 PST"]
[Termination "Mystery2007 won on time"]

1. e4 g6 2. d4 Nf6 3. Nc3 d5 4. e5 Ne4 5. Nxe4 dxe4 6. Ne2 c5 7. d5 Bg7 8. Ng3 Bxe5 9. Nxe4 O-O 10. Bh6 Re8 11.
Be2 Bxb2 12. Rb1 Bh8 13. O-O Nd7 14. f4 Nf6 15. Nxf6+ Bxf6 16. c4 b6 17. Bd3 e6 18.
Be4 Bb7 19. Qf3 exd5 20. cxd5 Rxe4 21. Qxe4 Bxd5 22. Qe2 Qd7 23. Rbe1 Bd4+ 24. Kh1 Be6 25. Qe4 Qd5 26. Qxd5 Bxd5 27. f5 b5 28. Re7 Bf6 29. Rd7 Bc4 30. Re1 Bg7 31. Bxg7 Kxg7 32. fxg6 hxg6 33. Rc7 Bxa2 34. Rxc5 b4 35. Rb5 a5 36. Rb7 Rc8 37. h4 Rc5 38. Ree7 Bd5 39. Ra7 b3 40. Red7 b2 0-1

[Event "Late-Titled-Tuesday-Blitz-December-26-2023"]
[Site "Chess.com"]
[Date "2023.12.26"]
[Round "4"]
[White "gxbg2000"]
[Black "AlexNovitz"]
[Result "1-0"]
[WhiteElo "1999"]
[BlackElo "2196"]
[TimeControl "180+1"]
[EndTime "14:39:27 PST"]
[Termination "gxbg2000 won on time"]

1. e4 e6 2. d4 d5 3. Nc3 Nf6 4. e5 Nfd7 5. Nce2 c5 6. c3 Nc6 7. f4 cxd4 8. Nxd4 Bc5 9. Ngf3 Qb6 10. a3 Nxd4 11. Nxd4 O-O 12. b4 Bxd4 13. Qxd4 f6 14. Be3 fxe5 15. fxe5 Rf5 16. Bd3 Rxe5 17. Qxb6 axb6 18.
Kd2 Nf6 19. Bd4 Rg5 20. g3 e5 21. Bxb6 e4 22. Be2 Bg4 23. Rhf1 Bxe2 24. Kxe2 Rc8 25. Bd4 Ng4 26. h4 Rg6 27. Rf5 Rd8 28. a4 Nh2 29.
Be5 Nf3 30. Bf4 Rc6 31. Ra3 g6 32. b5 Re6 33. Bg5 Rd7 34. Rf6 Nxg5 35. hxg5 Rxf6 36. gxf6 Kf7 37. Ke3 Kxf6 38. Kd4 Kf5 39. a5 Re7 40. a6 bxa6 41. bxa6 e3 42. a7 e2 43.
a8=Q Re4+ 44. Kxd5 e1=Q 45. Qc8+ Kg5 46. Qd8+ 1-0

[Event "Late-Titled-Tuesday-Blitz-December-26-2023"]
[Site "Chess.com"]
[Date "2023.12.26"]
[Round "4"]
[White "maurovargas01"]
[Black "inagreV"]
[Result "0-1"]
[WhiteElo "1839"]
[BlackElo "2409"]
[TimeControl "180+1"]
[EndTime "14:39:29 PST"]
[Termination "inagreV won on time"]

1. e4 e5 2. Nf3 Nc6 3. d4 exd4 4. Bc4 Nf6 5. e5 d5 6. Bb5 Ne4 7. Nxd4 Bd7 8. Bxc6 bxc6 9. O-O Bc5 10. c3 O-O 11. f3 Ng5 12. f4 Ne4 13. f5 Re8 14. f6 Rxe5 15. fxg7 Qh4 16. Bf4 Bg4 17. Qc1 Rh5 18.
Nd2 Re8 19. Nxe4 Rxe4 20. Bxc7 Kxg7 21. Bg3 Qe7 22. Qd2 Re2 23. Qd3 Qe4 24. Qxe4 dxe4 25. b4 Bxd4+ 26. cxd4 f6 27. Bf4 Rd5 28. h3 Bc8 29.
Rfc1 Bb7 30. Rd1 Kg6 31. Kf1 Ba6 32. Kg1 Kf5 33. Bh6 e3 34. a4 Ke4 35. Rac1 Rxd4 36. Rxc6 Rxd1+ 37. Kh2 Bb7 38. Rxf6 Rxg2+ 39. Kxg2 Ke5+ 40.
Rf3 Rd2+ 41. Kg3 Bxf3 42. Kxf3 Rh2 43. Kxe3 Rxh3+ 0-1

[Event "Late-Titled-Tuesday-Blitz-December-26-2023"]
[Site "Chess.com"]
[Date "2023.12.26"]
[Round "4"]
[White "Vision_64"]
[Black "miraitrunks"]
[Result "1-0"]
[WhiteElo "2301"]
[BlackElo "2080"]
[TimeControl "180+1"]
[EndTime "14:39:31 PST"]
[Termination "Vision_64 won by resignation"]

1. e4 e6 2. d4 d5 3. Bd3 dxe4 4. Bxe4 Nf6 5. Bf3 c5 6. Ne2 cxd4 7. Qxd4 Qxd4 8. Nxd4 Bc5 9. Nb5 Na6 10. O-O O-O 11. Nd2 e5 12. Nc3 Nb4 13. Nde4 Bd4 14. Nxf6+ gxf6 15. Bh6 Re8 16. Ne4 Re6 17. c3 f5 18. Bd2 fxe4 19. Bxe4 Nc6 20. cxd4 Nxd4 21. Rfd1 Bd7 22. Bc3 Rd6 23. Bxb7 Rb8 24. Be4 Bg4 25. f3 Be6 26. Kf2 f5 27. Bd3 Kf7 28. Re1 Kf6 29. Rad1 Bxa2 30. Ra1 Be6 31. Rxa7 Nc6 32. Ra6 Bc8 33.
Rxc6 Rxc6 34. Bxe5+ Kf7 35. Bxb8 Rb6 36. Be5 Be6 37.
Bc3 Rb8 38. Ra1 Rd8 39. Ke2 Re8 40. Kd2 f4 41. Ra7+ Kg8 42. Rg7+ Kf8 43. Rxh7 Rd8 44. Kc2 Rxd3 45. Kxd3 Bf5+ 46. Kd4 Bxh7 47. Ke5 1-0

[Event "Late-Titled-Tuesday-Blitz-December-26-2023"]
[Site "Chess.com"]
[Date "2023.12.26"]
[Round "4"]
[White "chenxiaoyuer"]
[Black "Kaua18"]
[Result "0-1"]
[WhiteElo "2717"]
[BlackElo "2541"]
[TimeControl "180+1"]
[EndTime "14:39:32 PST"]
[Termination "Kaua18 won by checkmate"]

1. e4 e6 2. d4 d5 3. Nd2 Nf6 4. e5 Nfd7 5. Bd3 c5 6. c3 Nc6 7.
Ngf3 cxd4 8. cxd4 Be7 9. O-O O-O 10. Re1 f6 11. exf6 Nxf6 12. Nf1 Bd7 13. b3 Bd6 14.
Bb2 Qe7 15. Ng3 Ng4 16. h3 Nxf2 17. Kxf2 Qh4 18. Re5 Nxe5 19. dxe5 Bc5+ 20. Ke2 Qxg3 21. Qf1 Be8 22. Rc1 Bb6 23. Ba3 Bh5 24. Bxf8 Qxe5+ 25. Kd2 Be3+ 26. Kd1 Bxc1 27. g4 Qe3 28. Be7 Bb2 29.
gxh5 Rc8 30. Bc4 dxc4 31. Nd2 c3 32. Nc4 Qc1+ 33. Ke2 Qxf1+ 34. Kxf1 c2 35. Bg5 c1=Q+ 36. Bxc1 Bxc1 37. Ke2 Bg5 38. Kd3 Be7 39. Ne5 Rd8+ 40. Ke4 Bf6 41. Nf3 Kf7 42. h6 gxh6 43. h4 Ke7 44. h5 Rd1 45. Nh2 Rh1 46. Ng4 Rh4 47.
Kf3 Rxh5 48. Ne3 Rh3+ 49. Ke4 Rxe3+ 50. Kxe3 h5 51. Kf3 h4 52. Kg2 h5 53. Kh3 Kd6 54.
Kh2 Kc5 55. Kh3 Kb4 56. Kh2 Ka3 57. Kh1 Kxa2 58. Kh2 Kxb3 59. Kh1 a5 60. Kh2 a4 61. Kh3 a3 62. Kh2 a2 63. Kh3 a1=Q 64. Kh2 Qb2+ 65.
Kh3 Qc3+ 66. Kh2 Qg3+ 67. Kh1 Qg4 68. Kh2 Be5+ 69. Kh1 Qf3+ 70. Kg1 Qg3+ 71. Kf1 Qh2 72. Ke1 Kc3 73. Kf1 Kd3 74. Ke1 Qe2# 0-1